 Dungeon Crawl Stone Soup version 0.17-a0-18-gc25b939 (webtiles) character file.

276173 Chiseanne the Eclecticist (level 19, -13/112 HPs)
             Began as a Mummy Wizard on Mar 8, 2015.
             Was the Champion of Vehumet.
             Shot with a bolt by a yaktaur captain (45 damage)
             ... on level 3 of the Vaults on Mar 10, 2015.
             The game lasted 05:08:39 (81995 turns).

Chiseanne the Eclecticist (Mummy Wizard)           Turns: 81995, Time: 05:08:39

Health: -13/112    AC: 21    Str:  7    XL:     19   Next: 95%
Magic:  2/42       EV: 17    Int: 30    God:    Vehumet [******]
Gold:   2017       SH:  8    Dex: 24    Spells: 12 memorised, 2 levels left

rFire  + . .     SeeInvis .     a - +4 flail (protect)
rCold  + . .     Clarity  .     p - +2 robe {rF+}
rNeg   + + +     SustAb   .     R - +1 buckler "Nojy" {rPois Regen+ Int+4}
rPois  ∞         Gourm    .     m - +1 helmet {Int+3}
rElec  .         Spirit   .     B - +2 cloak of Axiesch {Str-3 Dex+8 Stlth-}
rCorr  .         Warding  .     j - +2 pair of gloves {Dex+3}
rMut   .         Stasis   .     H - +2 pair of boots
MR     ++++.                    h - amulet of regeneration
Stlth  +.........               L - ring "Gumnid" {MR++ Dex+3}
                                o - ring of protection from fire

@: repel missiles, incredibly resistant to hostile enchantments, very unstealthy
A: no food or potions, fire vulnerability, in touch with death, restore body,
cold resistance 1, negative energy resistance 3, poison resistance, torment
resistance, unbreathing
a: Self-Restoration, Renounce Religion
}: 1/15 runes: decaying


You were on level 3 of the Vaults.
You worshipped Vehumet.
Vehumet was exalted by your worship.
You were not hungry.

You visited 6 branches of the dungeon, and saw 37 of its levels.
You also visited: Labyrinth and Volcano.

You collected 3669 gold pieces.
You spent 1652 gold pieces at shops.

Inventory:

Hand weapons
 a - a +4 flail of protection (weapon)
 d - a +4 eveningstar of crushing
 f - the +4 hand axe of Oqyarph {venom, rElec Str+2}
   (You took it off an ironbrand convoker on level 4 of the Vaults)

   It poisons the flesh of those it strikes.
   It affects your strength (+2).
   It insulates you from electricity.
 s - a +5 demon blade of electrocution
 w - a +0 blowgun
Missiles
 k - 57 poisoned needles
 z - 6 curare-tipped needles
Armour
 i - a storm dragon hide
 j - a +2 pair of gloves of dexterity (worn)
 m - a +1 helmet of intelligence (worn)
 p - a +2 robe of fire resistance (worn)
 B - the +2 cloak of Axiesch (worn) {Str-3 Dex+8 Stlth-}
   (You bought it in a shop on level 1 of the Orcish Mines)

   It affects your strength (-3).
   It affects your dexterity (+8).
   It makes you less stealthy.
 G - the +1 robe "Bew Uc Mik" {rC+ Dex+3 Stlth+}
   (You took it off a yaktaur on level 4 of the Vaults)

   It affects your dexterity (+3).
   It protects you from cold.
   It makes you more stealthy.
 H - a +2 pair of boots (worn)
 R - the +1 buckler "Nojy" (worn) {rPois Regen+ Int+4}
   (You acquired it on level 14 of the Dungeon)

   It affects your intelligence (+4).
   It protects you from poison.
   It increases your rate of regeneration.
Magical staves
 y - an uncursed staff of energy
Jewellery
 e - an uncursed ring of flight
 h - an amulet of regeneration (around neck)
 o - a ring of protection from fire (left hand)
 q - an uncursed ring of see invisible
 L - the ring "Gumnid" (right hand) {MR++ Dex+3}
   (You bought it in a shop on level 1 of the Orcish Mines)

   [ring of dexterity]

   It affects your dexterity (+3).
   It affects your resistance to hostile enchantments.
Magical devices
 b - a wand of digging (15)
 n - a wand of disintegration (6)
 v - a wand of heal wounds (4)
 C - a wand of digging (13)
 D - a wand of teleportation (2)
 M - a wand of digging (10)
Scrolls
 g - 6 scrolls of fog
 r - 4 scrolls of magic mapping
 t - 9 scrolls of remove curse
 u - 31 scrolls of identify
 x - a scroll of amnesia
 A - 5 scrolls of blinking
 E - a scroll of teleportation
Miscellaneous
 c - a stone of tremors
 l - a disc of storms
 F - a fan of gales


   Skills:
 - Level 5.2 Armour
 - Level 5.0 Dodging
 - Level 1.5 Stealth
 - Level 7.0 Shields
 - Level 19.3 Spellcasting
 - Level 16.3 Conjurations
   Level 0.7 Summonings
 - Level 0.7 Translocations
 + Level 15.6 Fire Magic


You had 2 spell levels left.
You knew the following spells:

 Your Spells              Type           Power        Failure   Level  Hunger
a - Iskenderun's Mystic   Conj           #######.     0%          4    N/A
b - Iskenderun's Battles  Conj/Chrm      ######..     1%          5    N/A
c - Lightning Bolt        Conj/Air       ######....   1%          5    N/A
d - Bolt of Draining      Conj/Necr      #######...   1%          5    N/A
e - Poison Arrow          Conj/Pois      ######....   2%          6    N/A
f - Orb of Destruction    Conj           #######...   1%          7    N/A
g - Blink                 Tloc           N/A          1%          2    N/A
h - Conjure Flame         Conj/Fire      #######.     0%          3    N/A
i - Fire Storm            Conj/Fire      #######...   61%         9    N/A
j - Repel Missiles        Chrm/Air       ####..       1%          2    N/A
k - Vampiric Draining     Necr           #####.....   4%          3    N/A
l - Mephitic Cloud        Conj/Pois/Air  ######..     1%          3    N/A

Dungeon Overview and Level Annotations

Branches:
Dungeon (15/15)            Temple (1/1) D:4            Lair (8/8) D:8
  Swamp (5/5) Lair:3        Snake (0/5) Lair:3        Slime (0/6) Lair:6
    Orc (4/4) D:10            Elf (0/3) Orc:3        Vaults (4/5) D:14
  Crypt (0/3) Vaults:3     Depths (0/5) D:15

Altars:
Ashenzari
Cheibriados
Dithmenos
Elyvilon
Fedhas
Gozag
Kikubaaqudgha
Makhleb
Nemelex Xobeh
Okawaru
Ru
Sif Muna
Trog
Vehumet
Xom
Yredelemnul
Zin
The Shining One
Beogh
Jiyva
Lugonu

Shops:
D:5 (   D:8 *   D:9 *   D:10 [   Orc:1 [[[*   Orc:4 ([*:   Vaults:1 =

Portals:
Trove: D:15 (give 2 scrolls of acquirement)

Annotations:
D:6 haldagan's ghost, experienced FoFi


Innate Abilities, Weirdness & Mutations

You do not eat or drink.
Your flesh is vulnerable to fire.
You are in touch with the powers of death.
You can restore your body by infusing magical energy.
Your flesh is cold resistant.
You are immune to negative energy.
Your system is resistant to poisons.
You are immune to unholy pain and torment.
You can survive without breathing.


Message History

The barrage of energy hits the yaktaur captain.
The yaktaur captain is severely wounded.
The yaktaur captain shoots a bolt.
The bolt hits you!!
* * * LOW HITPOINT WARNING * * *
A mysterious force pulls you upwards. The hatch slams shut behind you.
Your battlesphere wavers and loses cohesion.
The yaktaur shouts! x2
A yaktaur and a yaktaur captain come into view.
You block the yaktaur's attack.
Evoke which item? (* to show all) (? for menu, Esc to quit)
Zapping:
v - a wand of heal wounds (5)
Press: ? - help, Shift-Dir - straight line, f - you You feel much better.
This wand has 4 charges left.
The yaktaur hits you!
* * * LOW HITPOINT WARNING * * *
The yaktaur closely misses you.
The yaktaur wields an arbalest.
The yaktaur shoots a bolt.
The bolt closely misses you.
There is a stone staircase leading up here.
You block the yaktaur's attack.
The yaktaur captain wields an arbalest.
The yaktaur captain shoots a bolt.
The bolt hits you!!!
You die...

#...(..# #.... #......# #####
#......# #...)..# #..()..#
####'############
#..).....c.....# #.....cc.c..%..#
#...)..c..@....##########
#######..(...........#........#
......#..............#(.......#
.((...#).............'.(......#
.###.)'..[...........#...)..).# #
.###..#............(.#..[...).###
..##(.################.......))..
....).# ############ ......# #


You could see a yaktaur captain and 4 yaktaurs.

Vanquished Creatures
  the Lernaean hydra (Swamp:5)
  A lich (Vaults:4)
  Asterion (Swamp:4)
  Agnes (Vaults:2)
  An ancient champion (Vaults:2)
  A sphinx (Vaults:4)
  Kirke (Swamp:4)
  A storm dragon (Vaults:4)
  2 thorn hunters
  3 tengu reavers
  A fire giant (Vaults:2)
  Donald (Vaults:2)
  Maud (Lair:8)
  12 vault wardens
  An orc warlord (Vaults:4)
  A deep elf sorcerer (Vaults:2)
  Louise (Swamp:2)
  A frost giant (Vaults:4)
  8 ironheart preservers
  A very ugly thing (Vaults:1)
  5 stone giants
  A deep elf annihilator (Vaults:3)
  Snorg (Lair:5)
  4 fire dragons
  The ghost of lorenzova the Unseen, a powerful SpEn of Dithmenos (Orc:3)
  6 vault guards
  A great orb of eyes (Vaults:2)
  9 yaktaur captains
  A minotaur (Lab)
  Harold (D:10)
  24 hydras
  2 ice dragons
  7 centaur warriors
  A catoblepas (Lair:8)
  Erica (Lair:5)
  5 ogre magi
  6 alligators
  A deep troll earth mage (Vaults:1)
  7 death yaks
  A deep troll shaman (Vaults:2)
  2 orc high priests (Orc:4)
  A soul eater (Vaults:3)
  4 hell knights
  Nergalle (Lair:2)
  A fire crab (Vaults:4)
  A giant orange brain (Vaults:3)
  6 skeletal warriors
  10 deep elf knights
  An unseen horror (D:13)
  8 hill giants
  A storm dragon skeleton (Vaults:3)
  2 deep trolls
  2 spriggan druids
  3 necromancers
  15 swamp dragons
  A flayed ghost (Vaults:3)
  A deep elf summoner (Vaults:3)
  4 shambling mangroves
  17 orc knights
  A shadow dragon zombie (Vaults:3)
  8 harpies (Vaults:3)
  6 hornets
  A statue (Volcano)
  6 wizards
  An anubis guard (shapeshifter) (Vaults:3)
  9 orc sorcerers
  9 deep elf conjurers
  A phantasmal warrior (Vaults:3)
  4 wolf spiders
  4 manticores
  14 ironbrand convokers
  A salamander (shapeshifter) (Vaults:4)
  An oklob plant (Lair:8)
  7 cyclopes
  34 ugly things
  A cyclops (shapeshifter) (Vaults:3)
  8 griffons
  5 black mambas
  16 elephants
  Maurice (D:8)
  Joseph (D:7)
  15 vault sentinels
  A frost giant skeleton (Vaults:3)
  A torpor snail (Lair:4)
  An orange demon (D:10)
  2 gargoyles
  17 spiny frogs
  12 komodo dragons
  A hellwing (Vaults:4)
  2 komodo dragons (shapeshifter) (Vaults:3)
  3 kobold demonologists (D:10)
  An elf (shapeshifter) (D:15)
  A queen bee (shapeshifter) (Vaults:4)
  4 fire drakes
  48 yaktaurs
  3 polar bears
  14 two-headed ogres
  11 trolls
  A merfolk (D:10)
  5 deep elf priests
  4 giant leeches
  2 jumping spiders (Vaults:3)
  2 baby alligators (Swamp:1)
  24 blink frogs
  7 boulder beetles
  A hornet zombie (D:15)
  14 bog bodies
  3 freezing wraiths
  10 ravens
  31 slime creatures
  A wind drake (shapeshifter) (Vaults:2)
  A trapdoor spider zombie (D:9)
  A trapdoor spider (D:15)
  6 shadows
  8 basilisks
  2 redbacks (Vaults:3)
  An ettin skeleton (Vaults:1)
  5 wraiths
  An ice dragon skeleton (Vaults:1)
  11 spriggans
  2 wyverns
  A fire bat (Volcano)
  6 deep elf magi
  A tarantella (shapeshifter) (Vaults:1)
  23 deep elf fighters
  A steam dragon (D:8)
  66 yaks
  4 wolves
  50 vampire mosquitoes
  3 hungry ghosts
  2 nagas (Lair:3)
  An ogre zombie (Vaults:1)
  19 swamp worms
  Edmund (D:9)
  2 human simulacra
  8 wargs
  8 hippogriffs
  16 insubstantial wisps
  4 mottled dragons
  A soldier ant (D:15)
  10 porcupines
  A hornet simulacrum (D:15)
  3 sky beasts
  2 black bears
  17 water moccasins
  17 swamp drakes
  57 orc warriors
  15 boggarts
  An eye of draining (shapeshifter) (D:14)
  A black bear (shapeshifter) (Vaults:1)
  2 eyes of draining
  4 ice beasts
  5 necrophages (Lair:6)
  13 wasps
  3 phantoms
  28 ogres
  2 boring beetles
  15 crocodiles
  10 centaurs
  3 big kobolds
  Duvessa (D:8)
  21 giant frogs
  3 wyvern zombies
  Blork the orc (D:5)
  3 human zombies
  A glowing shapeshifter simulacrum (Vaults:1)
  A brain worm (D:15)
  A human skeleton (Vaults:1)
  3 wyvern skeletons
  30 wights
  3 scorpions
  A warg zombie (Orc:4)
  14 killer bees
  A warg skeleton (Orc:4)
  A goliath beetle (D:8)
  Dowan (D:8)
  2 giant frog zombies
  5 lava snakes (Volcano)
  An elf zombie (Vaults:1)
  5 centaur zombies
  7 crimson imps
  14 hounds
  6 jellies
  3 quasits
  31 orc priests
  A worker ant (shapeshifter) (D:14)
  4 centaur skeletons
  36 orc wizards
  4 hell rats (Lair:4)
  10 worker ants
  12 iguanas
  42 sheep
  Ijyb (D:5)
  3 mummies
  A hound zombie (D:6)
  Robin (D:4)
  28 adders
  51 river rats
  2 giant mites
  A white imp (Vaults:1)
  4 worms
  6 shadow imps
  An ufetubus (D:10)
  3 adder skeletons
  An adder zombie (D:5)
  12 giant geckos
  221 orcs
  18 bats
  2 bat skeletons
  22 goblins
  21 hobgoblins
  14 jackals
  20 kobolds
  14 quokkas
  6 ball pythons
  5 giant cockroaches
  2 giant gecko skeletons
  5 giant newts
  3 giant spores
  An orc skeleton (Orc:4)
  5 orc zombies
  A quokka skeleton (D:2)
  20 rats
  20 ballistomycetes
  3 butterflies (Orc:3)
  9 fungi
  7 plants
1855 creatures vanquished.

Vanquished Creatures (collateral kills)
  An orc warlord (Orc:4)
  4 ugly things
  A rust devil (D:10)
  3 vampire mosquitoes (Swamp:2)
  3 orc warriors
  An orc wizard (Orc:1)
  5 orcs (Orc:1)
  A hobgoblin (D:5)
  A kobold (D:5)
20 creatures vanquished.

Vanquished Creatures (others)
  A deep elf high priest (Vaults:1)
  3 air elementals
  A hog (Swamp:4)
  4 humans (Swamp:4)
  A swamp worm (shapeshifter) (Vaults:2)
  17 spiders
  A boggart (D:15)
  An earth elemental (Vaults:4)
  An orc wizard (D:8)
  4 sheep (D:7)
  2 giant mites (Orc:4)
  10 chimeras
  6 giant spores
  9 ballistomycetes
  16 fungi
  12 plants
89 creatures vanquished.

Grand Total: 1964 creatures vanquished

Notes
Turn   | Place    | Note
--------------------------------------------------------------
     0 | D:1      | Chiseanne, the Mummy Wizard, began the quest for the Orb.
     0 | D:1      | Reached XP level 1. HP: 13/13 MP: 4/4
   344 | D:1      | Reached XP level 2. HP: 19/19 MP: 3/6
   458 | D:1      | Learned a level 2 spell: Repel Missiles
   461 | D:1      | Learned a level 2 spell: Blink
   624 | D:1      | Reached skill level 1 in Conjurations
  1301 | D:1      | Reached XP level 3. HP: 24/24 MP: 4/8
  1306 | D:1      | Learned a level 3 spell: Conjure Flame
  1310 | D:1      | Reached skill level 4 in Spellcasting
  2063 | D:2      | HP: 1/24 [hobgoblin/club (4)]
  2467 | D:2      | Reached XP level 4. HP: 27/30 MP: 4/11
  3211 | D:2      | Learned a level 3 spell: Mephitic Cloud
  3518 | D:3      | Noticed a giant frog
  3526 | D:3      | Killed a giant frog
  3526 | D:3      | Reached skill level 5 in Spellcasting
  3526 | D:3      | Reached XP level 5. HP: 26/35 MP: 10/15
  4320 | D:4      | Found a staircase to the Ecumenical Temple.
  4342 | Temple   | Entered the Ecumenical Temple
  4427 | Temple   | Became a worshipper of Vehumet
  4496 | D:4      | Noticed Robin
  4532 | D:4      | Killed Robin
  4690 | D:4      | Reached XP level 6. HP: 31/41 MP: 18/18
  5481 | D:4      | Reached skill level 6 in Spellcasting
  5619 | D:5      | Entered Level 5 of the Dungeon
  5843 | D:4      | Reached XP level 7. HP: 15/46 MP: 2/20
  6019 | D:4      | Acquired Vehumet's first power
  6019 | D:4      | Offered knowledge of Freeze by Vehumet.
  6171 | D:5      | Noticed Blork the orc
  6253 | D:5      | Killed Blork the orc
  6730 | D:5      | Reached skill level 7 in Spellcasting
  6833 | D:5      | Reached skill level 1 in Armour
  6908 | D:5      | Found Ynac's Weapon Emporium.
  6922 | D:5      | Noticed Ijyb
  6938 | D:5      | Killed Ijyb
  7706 | D:5      | Reached XP level 8. HP: 28/52 MP: 2/23
  7860 | D:6      | Noticed haldagan's ghost (experienced FoFi)
  8231 | D:6      | Offered knowledge of Sting by Vehumet.
  8382 | D:6      | Reached skill level 5 in Conjurations
  8398 | D:6      | Learned a level 1 spell: Sting
  9030 | D:6      | Reached skill level 8 in Spellcasting
  9746 | D:6      | Got a pitted plate armour
  9897 | D:7      | Identified the +7 plate armour of Waehiag {Contam Regen+ Int+6 Dex+2} (You found it on level 6 of the Dungeon)
 10124 | D:7      | Identified Iskenderun's Handbook of Arcane Weapons and the Volcanoes (You found it on level 7 of the Dungeon)
 10299 | D:7      | Noticed Joseph
 10730 | D:7      | Found a shimmering altar of Xom.
 10823 | D:7      | Killed Joseph
 10823 | D:7      | Reached skill level 9 in Spellcasting
 10823 | D:7      | Reached XP level 9. HP: 35/57 MP: 4/26
 11662 | D:8      | Found a staircase to the Lair.
 11945 | D:8      | Noticed Maurice
 11963 | D:8      | Killed Maurice
 12298 | D:8      | Noticed a centaur warrior
 12309 | D:8      | Killed a centaur warrior
 12309 | D:8      | Reached skill level 10 in Spellcasting
 12665 | D:8      | Offered knowledge of Stone Arrow by Vehumet.
 12665 | D:8      | Reached XP level 10. HP: 63/63 MP: 9/29
 12798 | D:7      | Learned a level 3 spell: Stone Arrow
 13171 | D:8      | Found Zin's Purification Station.
 13174 | D:8      | Found a glowing silver altar of Zin.
 13206 | D:8      | Noticed Duvessa
 13206 | D:8      | Noticed Dowan
 13217 | D:8      | Killed Duvessa
 13226 | D:8      | Killed Dowan
 13355 | D:8      | Acquired Vehumet's second power
 13745 | D:8      | Learned a level 5 spell: Bolt of Draining
 14116 | Lair:1   | Entered Level 1 of the Lair of Beasts
 14181 | Lair:1   | Offered knowledge of Throw Icicle by Vehumet.
 14440 | Lair:1   | Reached skill level 11 in Spellcasting
 14933 | Lair:1   | Noticed an eight-headed hydra
 14940 | Lair:1   | Killed an eight-headed hydra
 15894 | Lair:2   | Noticed Nergalle
 15908 | Lair:2   | Killed Nergalle
 16205 | Lair:2   | Reached XP level 11. HP: 68/68 MP: 16/31
 16286 | Lair:2   | Acquired Vehumet's third power
 16716 | Lair:2   | Noticed a black mamba
 16720 | Lair:2   | Killed a black mamba
 17592 | Lair:3   | Offered knowledge of Airstrike by Vehumet.
 17672 | Lair:3   | Reached skill level 12 in Spellcasting
 17807 | Lair:3   | Found a staircase to the Snake Pit.
 19303 | Lair:3   | Found a staircase to the Swamp.
 19437 | Lair:3   | Reached skill level 5 in Armour
 20681 | Lair:4   | Reached skill level 10 in Conjurations
 21397 | Lair:4   | Reached skill level 13 in Spellcasting
 22092 | Lair:4   | Reached XP level 12. HP: 74/74 MP: 26/33
 22716 | Lair:2   | Offered knowledge of Iskenderun's Mystic Blast by Vehumet.
 22923 | Lair:1   | Learned a level 4 spell: Iskenderun's Mystic Blast
 22932 | Lair:1   | Learned a level 6 spell: Poison Arrow
 23095 | Lair:5   | Found a dark tunnel.
 23110 | Lair:5   | Noticed Erica
 23121 | Volcano  | Entered a volcano
 23518 | Volcano  | Found a burning altar of Makhleb.
 23988 | Lair:5   | Noticed Snorg
 24007 | Lair:5   | Killed Snorg
 24898 | Lair:5   | Killed Erica
 25235 | Lair:5   | Reached skill level 14 in Spellcasting
 25733 | Lair:6   | Noticed a four-headed hydra
 25738 | Lair:6   | Killed a four-headed hydra
 25891 | Lair:6   | Found a staircase to the Slime Pits.
 25894 | Lair:6   | Found a viscous altar of Jiyva.
 26203 | Lair:6   | Noticed a five-headed hydra
 26207 | Lair:6   | Killed a five-headed hydra
 26788 | Lair:6   | Reached XP level 13. HP: 79/79 MP: 12/35
 27115 | Lair:6   | Found a white marble altar of Elyvilon.
 27846 | Lair:6   | Offered knowledge of Lightning Bolt by Vehumet.
 28030 | Lair:6   | Learned a level 5 spell: Lightning Bolt
 28134 | Lair:6   | Noticed a seven-headed hydra
 28139 | Lair:6   | Killed a seven-headed hydra
 28912 | Lair:7   | Reached skill level 15 in Spellcasting
 30145 | Lair:8   | Entered Level 8 of the Lair of Beasts
 31222 | Lair:8   | Noticed Maud
 31229 | Lair:8   | Killed Maud
 32205 | Lair:8   | Offered knowledge of Iskenderun's Battlesphere by Vehumet.
 32363 | Lair:8   | Reached XP level 14. HP: 71/85 MP: 8/36
 32550 | Lair:7   | Reached skill level 16 in Spellcasting
 33654 | Lair:8   | Learned a level 5 spell: Iskenderun's Battlesphere
 35311 | D:9      | Offered knowledge of Orb of Destruction by Vehumet.
 35392 | D:9      | Noticed Edmund
 35394 | D:9      | Killed Edmund
 35394 | D:9      | Reached skill level 1 in Fire Magic
 35719 | D:9      | Found Taoney's Assorted Antiques.
 35725 | D:9      | Bought a scroll of remove curse for 75 gold pieces
 35725 | D:9      | Bought a scroll of fog for 50 gold pieces
 35725 | D:9      | Bought a scroll of immolation for 87 gold pieces
 36560 | D:10     | Entered Level 10 of the Dungeon
 36837 | D:10     | Learned a level 7 spell: Orb of Destruction
 36871 | D:10     | Found Hiuneoth's Armour Shop.
 36878 | D:10     | Bought a +0 helmet of intelligence for 161 gold pieces
 36908 | D:10     | Found a corrupted altar of Lugonu.
 37747 | D:10     | Found a staircase to the Orcish Mines.
 38103 | D:10     | Noticed Harold
 38109 | D:10     | Killed Harold
 38300 | D:10     | Offered knowledge of Delayed Fireball by Vehumet.
 39109 | D:10     | Found a basalt altar of Yredelemnul.
 39286 | Orc:1    | Entered Level 1 of the Orcish Mines
 39286 | Orc:1    | Found Vuece's Antique Armour Shop.
 39411 | Orc:1    | Bought a scorched troll leather armour for 400 gold pieces
 39429 | Orc:1    | Identified the +0 troll leather armour of Jiprocwu {+Inv MR+ Regen+ Str+2} (You bought it in a shop on level 1 of the Orcish Mines)
 39714 | Orc:1    | Found a roughly hewn altar of Beogh.
 40050 | Orc:1    | Found Kuclucur's Assorted Antiques.
 40072 | Orc:1    | Found Khassan's Armour Emporium.
 40075 | Orc:1    | Bought 2 scrolls labeled ETEAC OPHEEDGH for 38 gold pieces
 40075 | Orc:1    | Bought a scroll of blinking for 142 gold pieces
 40075 | Orc:1    | Bought a wavering turquoise ring for 95 gold pieces
 40075 | Orc:1    | Bought a scroll of immolation for 66 gold pieces
 40117 | Orc:1    | Identified the ring "Gumnid" {MR++ Dex+3} (You bought it in a shop on level 1 of the Orcish Mines)
 40175 | Orc:1    | Found Xougec's Armour Shoppe.
 40181 | Orc:1    | Bought the +2 cloak of Axiesch {Str-3 Dex+8 Stlth-} for 336 gold pieces
 40381 | Orc:1    | Offered knowledge of Ozocubu's Refrigeration by Vehumet.
 40730 | Orc:2    | Reached skill level 5 in Fire Magic
 41125 | Orc:3    | Found a staircase to the Elven Halls.
 41244 | Orc:3    | Noticed lorenzova's ghost (powerful SpEn)
 41266 | Orc:2    | Found a burning altar of Makhleb.
 41930 | Orc:3    | Killed lorenzova's ghost
 42140 | Orc:4    | Entered Level 4 of the Orcish Mines
 42942 | Orc:4    | Offered knowledge of Bolt of Fire by Vehumet.
 43203 | Orc:4    | Found Mnaysal's Antique Armour Shop.
 43223 | Orc:4    | Bought a pair of runed boots for 85 gold pieces
 43243 | Orc:4    | Noticed an orc warlord
 43253 | Orc:4    | Killed an orc warlord
 43462 | Orc:4    | Found Avotu's General Store.
 43470 | Orc:4    | Bought a scroll of identify for 26 gold pieces
 43470 | Orc:4    | Bought a scroll of identify for 26 gold pieces
 43470 | Orc:4    | Bought a scroll of identify for 26 gold pieces
 43470 | Orc:4    | Bought a scroll of identify for 26 gold pieces
 43995 | Orc:4    | Found Proennej's Book Shop.
 44513 | Orc:4    | Reached XP level 15. HP: 90/90 MP: 27/38
 45020 | Orc:4    | Found Kliubu's Antique Weapon Shoppe.
 45427 | Orc:4    | Bought an embroidered robe for 13 gold pieces
 47618 | D:12     | Found a labyrinth entrance.
 47625 | Lab      | Entered a labyrinth
 47828 | Lab      | Identified Nesoufes' Tome of Activism
 47858 | Lab      | Learned a level 3 spell: Vampiric Draining
 48652 | D:12     | Got a scorched leather armour
 48659 | D:12     | Identified a scroll of acquirement
 48673 | D:12     | Identified the cursed -2 leather armour of True Grit {rC+ Regen+ rCorr Dex-5 Slay+3} (You found it on level 12 of the Dungeon)
 49381 | D:13     | Found a shadowy altar of Dithmenos.
 50326 | D:14     | Reached skill level 10 in Fire Magic
 50771 | D:14     | Found a gate to the Vaults.
 52063 | D:14     | Reached skill level 1 in Shields
 52566 | D:14     | Got a crude buckler
 52577 | D:14     | Identified the +1 buckler "Nojy" {rPois Regen+ Int+4} (You acquired it on level 14 of the Dungeon)
 53111 | D:14     | Offered knowledge of Shatter by Vehumet.
 53111 | D:14     | Offered knowledge of Chain Lightning by Vehumet.
 53111 | D:14     | Offered knowledge of Tornado by Vehumet.
 53357 | D:15     | Entered Level 15 of the Dungeon
 53547 | D:15     | Got a pair of dazzling gloves
 53558 | D:15     | Identified the +1 pair of gloves of Midsummer {rN+} (You found it on level 15 of the Dungeon)
 54110 | D:15     | Found a portal to a secret trove of treasure.
 54320 | D:15     | Reached skill level 5 in Shields
 54735 | D:15     | Reached XP level 16. HP: 96/96 MP: 24/38
 55101 | D:15     | Found a staircase to the Depths.
 56018 | Swamp:1  | Entered Level 1 of the Swamp
 56971 | Swamp:2  | Noticed Louise
 56980 | Swamp:2  | Killed Louise
 58843 | Swamp:2  | Reached skill level 5 in Dodging
 61521 | Swamp:4  | Reached skill level 17 in Spellcasting
 61541 | Swamp:4  | Noticed Kirke
 61710 | Swamp:4  | Killed Kirke
 62878 | Swamp:4  | Found a shadowy altar of Dithmenos.
 63181 | Swamp:4  | Noticed Asterion
 63186 | Swamp:4  | Killed Asterion
 63422 | Swamp:5  | Entered Level 5 of the Swamp
 63429 | Swamp:5  | Reached XP level 17. HP: 101/101 MP: 17/39
 64908 | Swamp:5  | Noticed the 27-headed Lernaean hydra
 64910 | Swamp:5  | Killed the 27-headed Lernaean hydra
 65671 | Swamp:5  | Got a decaying rune of Zot
 66133 | Lair:3   | Reached skill level 18 in Spellcasting
 66572 | Vaults:1 | Entered Level 1 of the Vaults
 67661 | Vaults:1 | Reached skill level 15 in Conjurations
 67820 | Vaults:1 | Found Sibun's Jewellery Boutique.
 69885 | Vaults:1 | Reached XP level 18. HP: 107/107 MP: 16/41
 71297 | Vaults:2 | Noticed Donald
 71302 | Vaults:2 | Killed Donald
 72176 | Vaults:2 | Reached skill level 19 in Spellcasting
 72198 | Vaults:2 | Noticed Agnes
 72990 | Vaults:2 | Killed Agnes
 74533 | Lair:1   | Learned a level 9 spell: Fire Storm
 76451 | Vaults:3 | Reached XP level 19. HP: 90/112 MP: 29/42
 78299 | Vaults:3 | Found a staircase to the Crypt.
 80200 | Vaults:4 | Got a dazzling plate armour
 80364 | Vaults:4 | Identified the +5 plate armour "Tazinugi" {+Fly rElec Regen+ Str-4 Int+2} (You found it on level 4 of the Vaults)
 80420 | Vaults:4 | Reached skill level 15 in Fire Magic
 81394 | Vaults:4 | Got a transparent robe
 81409 | Vaults:4 | Identified the +1 robe "Bew Uc Mik" {rC+ Dex+3 Stlth+} (You took it off a yaktaur on level 4 of the Vaults)
 81940 | Vaults:4 | Got a twisted hand axe
 81942 | Vaults:4 | Identified the +4 hand axe of Oqyarph {venom, rElec Str+2} (You took it off an ironbrand convoker on level 4 of the Vaults)
 81995 | Vaults:3 | Shot with a bolt by a yaktaur captain

Action                   |  1- 3 |  4- 6 |  7- 9 | 10-12 | 13-15 | 16-18 | 19-21 || total
-------------------------+-------+-------+-------+-------+-------+-------+-------++-------
Melee: Club              |    30 |       |       |       |       |       |       ||    30
       War axe           |       |    84 |     4 |       |       |       |       ||    88
       Short sword       |       |     1 |       |       |       |       |       ||     1
       Flail             |       |     4 |    19 |    79 |   194 |   129 |     5 ||   430
       Whip              |       |       |    34 |    26 |       |       |       ||    60
       Dagger            |       |       |       |    12 |       |       |       ||    12
       Demon blade       |       |       |       |       |       |    85 |    43 ||   128
 Fire: Blowgun           |       |       |    12 |    26 |    46 |     2 |       ||    86
 Cast: Magic Dart        |   112 |   189 |   267 |   103 |       |       |       ||   671
       Repel Missiles    |     1 |       |     9 |       |     3 |     4 |     1 ||    18
       Conjure Flame     |       |     4 |    18 |     8 |     4 |       |       ||    34
       Mephitic Cloud    |       |     2 |    21 |    48 |    10 |     3 |       ||    84
       Sting             |       |       |    89 |   366 |       |       |       ||   455
       Blink             |       |       |    20 |     4 |     6 |     2 |       ||    32
       Stone Arrow       |       |       |       |   115 |     1 |       |       ||   116
       Bolt of Draining  |       |       |       |   151 |   241 |   156 |   113 ||   661
       Iskenderun's Myst |       |       |       |   103 |  1028 |   929 |   167 ||  2227
       Orb of Destructio |       |       |       |       |    16 |     3 |       ||    19
       Iskenderun's Batt |       |       |       |       |     7 |   150 |    54 ||   211
       Poison Arrow      |       |       |       |       |     4 |     2 |       ||     6
       Lightning Bolt    |       |       |       |       |       |       |     2 ||     2
Evoke: Wand              |       |       |    12 |     2 |    12 |    23 |     3 ||    52
       Box of beasts     |       |       |       |       |    15 |       |       ||    15
       Sack of spiders   |       |       |       |       |    15 |       |       ||    15
       Fan of gales      |       |       |       |       |     3 |     2 |     2 ||     7
       Stone of tremors  |       |       |       |       |       |     1 |     1 ||     2
  Use: Scroll            |     2 |     6 |     8 |    11 |    25 |    17 |     2 ||    71
 Stab: Confused          |       |       |       |     6 |       |       |       ||     6
       Sleeping          |       |       |       |     1 |       |       |       ||     1
       Distracted        |       |       |       |       |       |       |     1 ||     1
